Map: Lost and Found LE

Players

DnS - Winner!

  • Race: Protoss Protoss
  • Spawn Location: 7:00

Elazer

  • Race: Zerg Zerg
  • Spawn Location: 1:00

Event: WCS Montreal 2018

VOD

Have the link to the VOD?

Description

Time

  • Played on: Sept. 7, 2018, 7:35 p.m.
  • Length: 19:26

All games in this series

Show
View Real Time Build Order
Export as new Build Order

DnS Protoss - Winner!

Build Orders: 1 Gate Expand, Oracle Opening, Phoenix Opening, Carriers, Chargelot Immortal, Mass Phoenix 

Get SALT Encoding   

  12  0:00  Probe  
  13  0:12  Probe  
  14  0:19  Pylon  
  14  0:24  Probe  
  15  0:33  Probe  
  15  0:38  Gateway  
  15  0:41  Probe  
  16  0:46  Assimilator  
  17  0:52  Probe  
  18  1:04  Probe  
  19  1:16  Probe  
  20  1:22  Nexus  
  20  1:33  Cybernetics Core  
  20  1:37  Probe  
  21  1:41  Assimilator  
  21  1:49  Probe  
  21  1:51  Pylon  
  22  2:00  Adept  
  23  2:01  Probe  
  23  2:13  Stargate, Probe  
  26  2:19  Adept, Warp Gate  
  26  2:25  Probe  
  29  2:31  Probe  
  30  2:37  Probe  
  30  2:39  Probe  
  30  2:43  Adept  
  32  2:49  Probe x2  
  36  2:54  Phoenix  
  36  3:01  Probe x2  
  40  3:09  Pylon  
  40  3:13  Probe  
  40  3:14  Probe  
  40  3:16  Oracle  
  40  3:17  Assimilator  
  40  3:19  Assimilator  
  42  3:26  Probe  
  46  3:27  Probe  
  46  3:30  Pylon  
  43  3:37  Gateway  
  43  3:39  Probe x2  
  45  3:46  Stargate  
  45  3:51  Probe x2  
  45  3:53  Adept  
  49  3:57  Phoenix  
  51  4:03  Probe  
  51  4:04  Probe  
  53  4:13  Pylon  
  53  4:14  Phoenix  
  53  4:15  Probe  
  53  4:16  Probe  
  57  4:39  Phoenix  
  57  4:40  Adept, Zealot  
  57  4:42  Phoenix  
  57  4:43  Pylon, Probe  
  66  4:55  Nexus  
  66  4:59  Phoenix  
  66  5:02  Pylon  
  66  5:07  Phoenix  
  70  5:17  Probe x2  
  70  5:20  Phoenix  
  72  5:23  Protoss Air Weapons Level 1  
  74  5:32  Robotics Facility, Phoenix  
  74  5:34  Robotics Facility  
  76  5:41  Pylon, Probe x2  
  78  5:46  Phoenix  
  80  5:53  Probe  
  81  6:04  Probe  
  82  6:05  Probe  
  81  6:12  Probe  
  81  6:13  Void Ray x2  
  81  6:16  Probe  
  81  6:18  Probe  
  86  6:24  Probe  
  91  6:28  Pylon, Probe  
  91  6:30  Probe  
  91  6:32  Immortal  
  93  6:33  Immortal  
  93  6:36  Probe  
  92  6:41  Probe  
  92  6:42  Probe  
  92  6:45  Assimilator  
  92  6:46  Assimilator  
  102  6:48  Probe  
  102  6:53  Probe  
  105  6:54  Probe, Twilight Council  
  105  6:55  Forge  
  105  6:58  Void Ray x2  
  105  7:00  Pylon, Probe  
  114  7:14  Pylon  
  114  7:16  Pylon  
  114  7:30  Gateway  
  114  7:32  Gateway  
  114  7:34  Gateway x2  
  114  7:39  Protoss Ground Weapons Level 1, Charge  
  114  7:44  Templar Archives  
  113  7:48  Stalker  
  113  7:49  Stalker  
  113  7:50  Probe x3  
  120  7:58  Gateway x2  
  120  8:02  Probe  
  121  8:06  Immortal x2  
  121  8:10  Pylon  
  129  8:17  Psionic Storm  
  129  8:19  Pylon  
  129  8:20  Pylon  
  129  8:33  High Templar x2  
  129  8:34  Zealot x4  
  139  8:40  Nexus  
  141  8:43  Pylon  
  141  8:45  Pylon  
  141  8:50  Immortal  
  140  8:58  High Templar x2  
  140  8:59  High Templar  
  140  9:01  Immortal, Probe x2  
  152  9:11  Zealot x4  
  152  9:12  High Templar  
  162  9:20  Photon Cannon  
  162  9:27  Shield Battery  
  162  9:30  Shield Battery, Probe x3  
  165  9:33  Assimilator  
  165  9:36  High Templar x2  
  165  9:37  Warp Prism  
  171  9:40  Archon  
  171  9:41  Zealot  
  165  9:58  High Templar x2  
  169  10:00  Photon Cannon x2  
  169  10:02  Photon Cannon  
  169  10:03  Assimilator  
  169  10:05  High Templar x2  
  173  10:08  Shield Battery, Photon Cannon  
  173  10:09  Photon Cannon  
  173  10:11  Protoss Ground Weapons Level 2, Photon Cannon  
  173  10:12  Archon  
  173  10:23  Gateway x2  
  173  10:31  Zealot  
  173  10:34  Fleet Beacon  
  175  10:36  Stargate  
  175  10:42  Photon Cannon  
  175  10:46  Shield Battery  
  175  10:47  High Templar x2  
  175  10:51  Archon  
  175  10:52  Zealot x6  
  175  10:56  Protoss Air Weapons Level 2  
  183  11:05  Mothership  
  181  11:14  Carrier, Zealot x6  
  187  11:19  Carrier  
  183  11:30  Pylon  
  185  11:43  Carrier  
  195  11:57  Graviton Catapult  
  195  11:59  Zealot x2  
  188  12:27  Protoss Ground Weapons Level 3  
  188  12:30  Zealot  
  190  12:40  Pylon  
  190  12:42  Pylon, Observer  
  190  12:43  Carrier, Observer  
  188  12:56  Carrier  
  200  12:59  Photon Cannon  
  199  13:08  Protoss Air Weapons Level 3  
  197  13:15  Carrier  
  197  13:17  Assimilator, Photon Cannon  
  193  13:20  Photon Cannon  
  193  13:21  Assimilator  
  193  13:24  Stargate, Photon Cannon  
  193  13:25  Stargate  
  197  13:27  Photon Cannon  
  197  13:31  Nexus  
  197  13:33  Photon Cannon  
  193  13:35  Shield Battery, Blink, Photon Cannon  
  193  13:45  Warp Prism  
  195  13:53  Carrier  
  194  14:05  Carrier  
  200  14:26  Photon Cannon  
  200  14:27  Photon Cannon  
  200  14:28  Photon Cannon  
  200  14:30  Photon Cannon  
  200  14:36  Shield Battery  
  200  15:02  Protoss Shields Level 1  
  200  15:06  Carrier  
  192  15:16  Carrier  
  192  15:19  Protoss Air Armor Level 1  
  196  15:36  Nexus  
  196  15:37  Pylon  
  196  15:49  Stargate  
  196  15:51  Stargate  
  196  15:55  Oracle  
  199  16:11  Photon Cannon  
  199  16:13  Photon Cannon  
  199  16:14  Photon Cannon  
  199  16:16  Pylon, Photon Cannon  
  199  16:17  Dark Shrine  
  199  16:18  Pylon  
  199  16:22  Assimilator  
  199  16:26  Assimilator  
  199  16:35  Protoss Shields Level 2  
  195  16:43  Carrier  
  195  17:16  Photon Cannon x2  
  195  17:18  Photon Cannon  
  195  17:19  Photon Cannon  
  195  17:25  Shield Battery  
  195  17:26  Pylon, Oracle  
  198  17:32  Dark Templar  
  199  17:53  Warp Prism  
  190  18:39  Zealot x6  
  195  19:07  Dark Templar  
  195  19:08  Dark Templar  
  197  19:13  Zealot x4  
Show
View Real Time Build Order
Export as new Build Order

Elazer Zerg 

Build Orders: Hatch First, Brood Lord Corruptor 

Get SALT Encoding   

  12  0:00  Drone  
  13  0:12  Overlord  
  13  0:17  Drone  
  14  0:30  Drone x2  
  16  0:47  Hatchery  
  15  0:51  Drone  
  15  0:54  Drone  
  17  0:57  Drone  
  18  1:08  Extractor  
  17  1:13  Spawning Pool  
  17  1:15  Drone  
  17  1:19  Drone  
  18  1:28  Drone  
  19  1:39  Drone  
  20  1:49  Overlord  
  20  2:00  Zergling x2, Queen x2  
  20  2:01  Zergling x2  
  26  2:10  Drone  
  26  2:11  Drone  
  26  2:12  Metabolic Boost  
  28  2:21  Drone x2  
  30  2:33  Drone x2  
  32  2:38  Hatchery  
  32  2:43  Queen  
  33  2:50  Overlord  
  33  2:51  Drone  
  33  2:55  Drone x2  
  36  3:08  Drone  
  36  3:09  Drone x2  
  36  3:10  Drone  
  36  3:11  Drone x2  
  42  3:14  Zergling x2  
  42  3:15  Overlord  
  43  3:26  Drone x2  
  41  3:31  Drone x2  
  42  3:39  Overlord  
  42  3:40  Drone  
  42  3:41  Drone  
  44  3:49  Spore Crawler x2  
  44  3:51  Drone x4  
  46  3:58  Drone  
  46  3:59  Spore Crawler  
  46  4:00  Drone x2  
  46  4:01  Drone, Queen  
  46  4:02  Drone  
  52  4:03  Drone  
  53  4:12  Overlord  
  53  4:14  Drone  
  53  4:16  Drone  
  55  4:19  Drone x3  
  58  4:24  Drone  
  58  4:27  Drone  
  58  4:30  Lair  
  58  4:31  Extractor  
  58  4:33  Extractor, Drone, Roach Warren  
  58  4:34  Drone x2  
  58  4:35  Drone  
  60  4:38  Drone x2  
  60  4:43  Drone  
  60  4:45  Drone  
  63  4:46  Drone x3  
  63  4:50  Overlord  
  66  4:57  Overlord  
  65  5:08  Queen, Overlord x2  
  65  5:09  Overlord  
  65  5:13  Roach x3  
  81  5:27  Overlord x2  
  89  5:33  Drone x2  
  75  5:37  Queen x2  
  75  5:38  Spore Crawler, Drone  
  79  5:43  Spore Crawler  
  79  5:45  Spore Crawler, Drone x2  
  76  5:52  Drone x5  
  76  5:53  Spore Crawler, Drone  
  77  5:58  Queen  
  77  6:02  Drone x4  
  77  6:03  Drone  
  83  6:07  Spire  
  83  6:08  Drone  
  83  6:11  Drone  
  80  6:16  Drone  
  81  6:18  Extractor  
  81  6:21  Extractor, Queen x2  
  81  6:22  Extractor, Drone  
  81  6:23  Drone  
  84  6:26  Drone  
  84  6:31  Drone  
  84  6:32  Drone  
  86  6:37  Drone  
  82  6:41  Drone  
  82  6:43  Drone  
  82  6:49  Overlord  
  82  6:50  Drone x2  
  82  6:51  Drone  
  82  6:52  Drone x2  
  82  6:53  Drone  
  82  6:54  Drone  
  89  6:55  Drone  
  89  7:00  Extractor  
  89  7:02  Burrow  
  88  7:09  Drone x6  
  88  7:13  Extractor  
  88  7:15  Overlord  
  95  7:16  Drone  
  95  7:21  Overlord  
  95  7:22  Corruptor x3  
  97  7:26  Corruptor  
  103  7:33  Corruptor x2  
  103  7:34  Hatchery  
  103  7:37  Corruptor x3  
  109  7:45  Drone x2  
  109  7:46  Corruptor  
  113  7:52  Drone, Corruptor x2, Hydralisk Den  
  113  7:53  Evolution Chamber  
  116  8:04  Overlord  
  116  8:05  Overlord  
  116  8:09  Baneling Nest  
  116  8:11  Drone x6  
  116  8:12  Drone  
  122  8:15  Drone  
  122  8:17  Drone  
  124  8:21  Overlord  
  124  8:22  Hydralisk x3  
  124  8:24  Grooved Spines  
  129  8:27  Hydralisk x2  
  129  8:32  Hydralisk x2  
  135  8:38  Zerg Missile Weapons Level 1, Overlord  
  135  8:40  Hydralisk  
  137  8:45  Hydralisk x2  
  141  8:54  Hydralisk x4  
  149  8:56  Overlord  
  149  8:58  Hydralisk  
  151  9:06  Hydralisk x4  
  151  9:08  Zergling x4  
  161  9:11  Centrifical Hooks  
  161  9:22  Hydralisk x3  
  167  9:25  Hatchery  
  167  9:30  Hydralisk  
  167  9:31  Hydralisk x2, Infestation Pit  
  167  9:34  Overlord  
  171  9:44  Hydralisk x4  
  179  9:52  Zergling x26  
  180  9:56  Zergling x8  
  180  9:58  Muscular Augments  
  184  10:06  Overlord  
  184  10:12  Hydralisk x3  
  191  10:14  Zergling x2  
  191  10:16  Hive  
  191  10:18  Overlord  
  191  10:21  Baneling x8  
  191  10:37  Zerg Melee Weapons Level 1  
  191  10:41  Overlord  
  191  10:48  Overlord  
  190  11:00  Drone x6  
  193  11:12  Overlord  
  193  11:16  Pneumatized Carapace  
  193  11:17  Pathogen Glands  
  193  11:18  Overlord  
  190  11:19  Drone  
  190  11:23  Extractor, Drone  
  190  11:24  Extractor, Drone x5  
  190  11:25  Drone x2  
  187  11:28  Drone  
  188  11:38  Drone x4  
  191  11:40  Spine Crawler  
  191  11:42  Spine Crawler  
  191  11:43  Spine Crawler x2  
  191  11:44  Adrenal Glands  
  191  11:45  Greater Spire  
  186  11:49  Evolution Chamber  
  185  12:00  Infestor x6  
  192  12:15  Drone x4, Spine Crawler x2  
  193  12:16  Drone x2, Spine Crawler  
  193  12:17  Spine Crawler  
  193  12:18  Zerg Ground Armor Level 1  
  193  12:22  Neural Parasite  
  193  12:26  Overlord x2  
  193  12:29  Extractor  
  188  12:32  Drone x3, Spore Crawler  
  190  12:37  Zerg Melee Weapons Level 2  
  190  12:38  Hatchery  
  190  12:40  Roach  
  189  12:47  Extractor, Drone x5  
  189  12:50  Drone x5  
  189  12:51  Drone x2, Spore Crawler  
  200  12:53  Spore Crawler x2  
  200  12:57  Zerg Flyer Armor Level 1  
  200  12:58  Spore Crawler x2  
  196  13:00  Spore Crawler  
  196  13:02  Spore Crawler  
  196  13:03  Spore Crawler x3  
  196  13:04  Spore Crawler x2, Roach  
  188  13:07  Overlord  
  188  13:11  Baneling x10  
  187  13:15  Drone x4  
  187  13:16  Drone x6  
  197  13:20  Spore Crawler  
  197  13:21  Spore Crawler  
  197  13:22  Spore Crawler  
  197  13:23  Spore Crawler  
  193  13:41  Brood Lord x4  
  199  13:54  Spine Crawler  
  198  13:55  Drone  
  198  13:56  Drone, Spine Crawler x2  
  198  13:57  Spore Crawler, Spine Crawler  
  192  14:09  Brood Lord x4  
  182  14:11  Infestor x3  
  182  14:12  Infestor  
  186  14:19  Infestor  
  186  14:20  Infestor  
  190  14:31  Drone  
  190  14:32  Extractor, Drone x2  
  192  14:44  Spire  
  192  14:45  Corruptor x2  
  195  14:48  Infestor x2  
  195  14:51  Zerg Flyer Weapons Level 1  
  199  14:53  Zergling x2  
  197  15:08  Drone x4  
  198  15:18  Brood Lord  
  199  15:23  Zerg Ground Armor Level 2, Zerg Melee Weapons Level 3  
  189  15:33  Hydralisk x3  
  189  15:34  Zergling x20  
  197  15:38  Brood Lord  
  195  16:09  Spore Crawler x2  
  195  16:11  Spore Crawler x2, Baneling x16  
  191  16:12  Spore Crawler  
  191  16:13  Spore Crawler x2  
  187  16:21  Zerg Flyer Armor Level 2  
  187  16:26  Overseer  
  187  16:27  Overseer x5  
  187  16:29  Infestor x3  
  187  16:30  Infestor x2  
  162  16:48  Hydralisk x9  
  162  16:49  Zergling x12  
  162  16:50  Zergling x16  
  193  16:57  Drone x5  
  196  17:01  Spine Crawler  
  196  17:03  Spore Crawler  
  193  17:12  Drone x6  
  199  17:37  Extractor, Spore Crawler  
  197  17:55  Overseer  
  197  17:57  Baneling  
  197  17:58  Baneling x4  
  183  18:37  Corruptor x13  
Tags
 
Add a new tag
Caveats
  • Supply blocks, unpowered buildings, or Contaminate may cause inaccurate times.
  • Supply counts are checked every 10 seconds.